 Dungeon Crawl Stone Soup version 0.31.0-9-g3a7656b989 (webtiles) character file.

Game seed: 15832837583070497208

634 MacCMillion the Magician (level 7, 0/45 HPs)
             Began as a Djinni Alchemist on Jan 27, 2024.
             Slain by a phantom (2 damage)
             ... on level 5 of the Dungeon.
             The game lasted 00:08:37 (4212 turns).

MacCMillion the Magician (Djinni Alchemist)         Turns: 4212, Time: 00:08:38

Health: 0/45       AC:  3    Str:  7    XL:     7   Next: 78%
Gold:   109        EV: 12    Int: 19    God:
                   SH:  0    Dex: 13

rFire   + + .        d - +3 dagger (flame)
rCold   x . .        (no shield)
rNeg    . . .        a - +0 robe
rPois   ∞            (no helmet)
rElec   .            c - +0 cloak
rCorr   .            (no gloves)
SInv    .            (boots unavailable)
Will    .....        (no amulet)
Stlth   ++           (no ring)
HPRegen 0.27/turn    (no ring)
MPRegen 0.00/turn

%: infuse magic (-1 HP)
@: flying, very slightly contaminated
A: sickness immunity, fire resistance 2, cold vulnerability 1, float, innate
caster, HP casting, extra vitality 1
a: no special abilities


You were on level 5 of the Dungeon.
You visited 1 branch of the dungeon, and saw 5 of its levels.

You collected 142 gold pieces.
You spent 33 gold pieces at shops.

Inventory:

Hand Weapons
 d - a +3 dagger of flaming (weapon)
Armour
 a - a +0 robe (worn)
 c - a +0 cloak (worn)
Magical Staves
 b - a staff of cold
Jewellery
 o - an amulet of the acrobat
Wands
 k - a wand of quicksilver (15)
Scrolls
 e - a scroll of noise {unknown}
 h - a scroll of immolation {unknown}
 i - a scroll of revelation {unknown}
 j - 5 scrolls of identify {unknown}
 l - a scroll of teleportation
 n - a scroll of torment {unknown}
 p - a scroll of enchant armour {unknown}
 q - a scroll of enchant weapon {unknown}
Potions
 f - 3 potions of lignification {unknown}
 g - a potion of curing {unknown}
 m - 2 potions of heal wounds {unknown}
 r - 2 potions of brilliance {unknown}
 s - a potion of attraction {unknown}


   Skills:
 - Level 2.1 Dodging
 - Level 4.0 Stealth
 * Level 6.1 Spellcasting
 * Level 6.1 Conjurations
 * Level 6.1 Hexes
   Level 0.0 Charms
 * Level 6.1 Summonings
 * Level 6.1 Necromancy
 * Level 6.1 Translocations
   Level 0.0 Transmutations
 * Level 6.1 Fire Magic
 * Level 6.1 Ice Magic
 * Level 6.1 Air Magic
 * Level 6.1 Earth Magic
 * Level 6.1 Alchemy


You knew the following spells:

 Your Spells              Type           Power      Damage    Failure   Level
a - Sting                 Conj/Alch      100%       1d9       1%          1
b - Mercury Vapours       Alch/Air       58%        N/A       1%          2
c - Mephitic Cloud        Conj/Alch/Air  29%        N/A       2%          3
d - Olgreb's Toxic Radia  Alch           29%        N/A       9%          4
e - Sticky Flame          Fire/Alch      29%        2d7       9%          4
f - Kiss of Death         Conj/Necr      100%       2d13      1%          1
g - Momentum Strike       Conj/Tloc      58%        3d9       1%          2
h - Lesser Beckoning      Tloc           58%        N/A       1%          2
Your spell library was empty.

Dungeon Overview and Level Annotations

Branches:
Dungeon (5/15)
 Temple: D:4-7

Altars:
Ashenzari
Gozag

Shops:
D:3 ?


Innate Abilities, Weirdness & Mutations

You are immune to sickness and miasma.
You are immune to poison.
Your flesh is very heat resistant. (rF++)
You are vulnerable to cold. (rC-)
You float through the air rather than walking.
You learn spells naturally, not from books.
Your magical power is your life essence.
You have superior vitality. (+4 MHP)


Message History

Aim: a phantom (heavily damaged, unstickable)
The sticky flame hits the phantom.
The phantom is severely damaged.
The phantom hits you.
The phantom blinks!
You blink.
Casting: Sticky Flame (quite dangerous; 9% risk of failure)
Confirm with . or Enter, or press ? or * to list all spells.
Aiming: Sticky Flame (quite dangerous; 9% risk of failure)
Press: ? - help, Shift-Dir - straight line, f/p - phantom
Aim: a phantom (severely damaged, unstickable)
You miscast Sticky Flame.
You are very lightly contaminated with residual magic.
Nothing appears to happen.
The phantom hits you.
Casting: Sticky Flame (quite dangerous; 9% risk of failure)
Confirm with . or Enter, or press ? or * to list all spells.
Aiming: Sticky Flame (quite dangerous; 9% risk of failure)
Press: ? - help, Shift-Dir - straight line, f/p - phantom
Aim: a phantom (severely damaged, unstickable)
You miscast Sticky Flame.
Nothing appears to happen.
* * * LOW HITPOINT WARNING * * *
The phantom hits you!
* * * LOW HITPOINT WARNING * * *
The phantom blinks!
You blink.
Casting: Sticky Flame (quite dangerous; 9% risk of failure)
Confirm with . or Enter, or press ? or * to list all spells.
Aiming: Sticky Flame (quite dangerous; 9% risk of failure)
Press: ? - help, Shift-Dir - straight line, f/p - phantom
Aim: a phantom (severely damaged, unstickable)
The sticky flame hits the phantom.
The phantom is almost destroyed.
* * * LOW HITPOINT WARNING * * *
The phantom closely misses you.
Casting: Sticky Flame (quite dangerous; 9% risk of failure)
Confirm with . or Enter, or press ? or * to list all spells.
You don't have enough health to cast this spell.
Unknown command.
Unknown command.
You hit the phantom but do no damage.
The phantom is almost destroyed.
The phantom hits you.
You die...

#####....##### #.......
#....# #######.......
#....### #.............
.##.##...# #.............
....##.(.###.............
......'...................
......##...................
.⌠........................#
......#...@...............#
.........W..§.....§......#
_........................#
.##................######
#...###...######## #...
#...# #... #...# '.. '...+
##...#


You could see a phantom.

Vanquished Creatures
  A black bear (D:4)
  2 scorpions (D:4)
  2 jellies
  An orc priest (D:4)
  Jessica (D:2)
  6 orc wizards
  4 gnolls (D:4)
  4 adders
  An ufetubus (D:5)
  2 dart slugs
  9 orcs
  10 ball pythons
  3 bats (D:2)
  7 endoplasms
  4 giant cockroaches
  3 goblins
  7 hobgoblins
  8 kobolds
  A quokka (D:2)
  2 frilled lizards (D:2)
  12 rats
90 creatures vanquished.

Notes
Turn   | Place    | Note
-------+----------+-------------------------------------------
     0 | D:1      | MacCMillion the Djinni Alchemist began the quest for the
                  | Orb.
     0 | D:1      | MacCMillion set off with the following spells memorised:
                  | Sting, Mercury Vapours, Mephitic Cloud, Olgreb's Toxic
                  | Radiance, Sticky Flame.
     0 | D:1      | Reached XP level 1. HP: 15/15 MP: 0/0
   229 | D:1      | Reached XP level 2. HP: 21/21 MP: 0/0
   511 | D:1      | Reached XP level 3. HP: 25/25 MP: 0/0
   511 | D:1      | Learned a level 1 spell: Kiss of Death
   942 | D:2      | Found a faded altar of an unknown god.
  1076 | D:2      | Reached XP level 4. HP: 27/31 MP: 0/0
  1494 | D:2      | Noticed Jessica
  1633 | D:2      | Killed Jessica
  1756 | D:3      | Reached XP level 5. HP: 30/35 MP: 0/0
  1756 | D:3      | Learned a level 2 spell: Momentum Strike
  1758 | D:3      | Reached skill level 5 in Spellcasting
  1758 | D:3      | Reached skill level 5 in Conjurations
  1758 | D:3      | Reached skill level 5 in Hexes
  1758 | D:3      | Reached skill level 5 in Summonings
  1758 | D:3      | Reached skill level 5 in Necromancy
  1758 | D:3      | Reached skill level 5 in Translocations
  1758 | D:3      | Reached skill level 5 in Fire Magic
  1758 | D:3      | Reached skill level 5 in Ice Magic
  1758 | D:3      | Reached skill level 5 in Air Magic
  1758 | D:3      | Reached skill level 5 in Earth Magic
  1758 | D:3      | Reached skill level 5 in Alchemy
  1789 | D:3      | Found Zyiguclo's Magic Scroll Emporium.
  1806 | D:3      | Bought a scroll of teleportation for 33 gold pieces
  2466 | D:4      | Reached XP level 6. HP: 33/40 MP: 0/0
  2704 | D:4      | Reached XP level 7. HP: 41/45 MP: 0/0
  2704 | D:4      | Learned a level 2 spell: Lesser Beckoning
  3510 | D:4      | Found an opulent altar of Gozag.
  3937 | D:5      | Entered Level 5 of the Dungeon
  4178 | D:5      | Found a broken altar of Ashenzari.
  4212 | D:5      | Slain by a phantom

Illustrated notes

Levels and vault maps discovered:
D:1:      dpeg_arrival_ratfight, layout_loops_cross
D:2:      layout_rooms, shapermc_ecumenical_altar_gd, kennysheep_generic_room_7,
          uniq_jessica
D:3:      layout_basic, serial_shops, shop
D:4:      layout_basic, nicolae_gozag_cash_rules_everything_around_me
D:5:      layout_basic, lemuel_tele_altar, grunt_temple_overflow_open,
          nicolae_shop_dragon_depot, uniq_duvessa

Skill      XL: |  1  2  3  4  5  6  7 |
---------------+----------------------+-----
Spellcasting   | 4 5 6 |  6.1
Conjurations   | 4 5 6 |  6.1
Hexes          | 4 5 6 |  6.1
Summonings     | 4 5 6 |  6.1
Necromancy     | 4 5 6 |  6.1
Translocations | 4 5 6 |  6.1
Fire Magic     | 4 5 6 |  6.1
Ice Magic      | 4 5 6 |  6.1
Air Magic      | 4 5 6 |  6.1
Earth Magic    | 4 5 6 |  6.1
Alchemy        | 4 5 6 |  6.1
Stealth        | 2 3 4 |  4.0
Dodging        | |  2.1

Action                     |  1- 3 |  4- 6 |  7- 9 || total
---------------------------+-------+-------+-------++-------
  Melee: Dagger            |     2 |     9 |     7 ||    18
         Punch             |       |     1 |       ||     1
   Cast: Sting             |    54 |    33 |    12 ||    99
         Olgreb's Toxic Ra |       |    10 |    12 ||    22
         Mephitic Cloud    |       |     3 |     1 ||     4
         Sticky Flame      |       |       |     4 ||     4
   Stab: Sleeping          |       |     1 |       ||     1
 Armour: Robe              |    12 |     9 |    17 ||    38
  Dodge: Dodged            |     6 |     8 |     7 ||    21
